 Dungeon Crawl Stone Soup version 0.16.2-12-gd0ad4c3 (webtiles) character file.

24392 faibistes the Thaumaturge (level 12, -9/106 HPs)
             Began as a Deep Elf Wizard on Dec 16, 2017.
             Was the Champion of Sif Muna.
             Mangled by a black mamba (13 damage)
             ... on level 5 of the Lair of Beasts.
             The game lasted 01:29:11 (27454 turns).

faibistes the Thaumaturge (Deep Elf Wizard)        Turns: 27454, Time: 01:29:11

Health: -9/106     AC: 10    Str: 13    XL:     12   Next: 80%
Magic:  35/36      EV: 20    Int: 29    God:    Sif Muna [******]
Gold:   505        SH:  0    Dex: 13    Spells: 6 memorised, 25 levels left

rFire  . . .     SeeInvis .     w - +3 dagger (venom)
rCold  + . .     Clarity  .     S - +2 robe {rC+}
rNeg   . . .     SustAb   .     (no shield)
rPois  .         Gourm    +     b - +1 hat
rElec  .         Spirit   .     Q - +1 cloak
rCorr  .         Warding  .     O - +2 pair of gloves
rMut   .         Stasis   .     (no boots)
MR     +....                    R - amulet of the gourmand
Stlth  ..........               c - +4 ring of strength
                                B - +4 ring of evasion

@: mighty, berserking (expiring), lethally poisoned (-9 -> -64), repel missiles,
drained, very quick, somewhat resistant to hostile enchantments, extremely
unstealthy
A: no striking features
a: Channel Energy, Forget Spell, Renounce Religion


You were on level 5 of the Lair of Beasts.
You worshipped Sif Muna.
Sif Muna was exalted by your worship.
You were very full.

You visited 3 branches of the dungeon, and saw 18 of its levels.

You collected 866 gold pieces.
You spent 361 gold pieces at shops.

Inventory:

Hand weapons
 w - a +3 dagger of venom (weapon)
 y - a +3 dagger of electrocution
 W - a +3 halberd of freezing
Armour
 a - the +0 pair of boots of Mne Wez {rC+ rCorr MP-9}
   (You found it on level 5 of the Dungeon)

   It protects you from cold.
   It affects your magic capacity (-9).
   It protects you from acid and corrosion.
 b - a +1 hat (worn)
 O - a +2 pair of gloves (worn)
 Q - a +1 cloak (worn)
 S - a +2 robe of cold resistance (worn)
Magical staves
 L - an uncursed staff of power
 P - an uncursed staff of cold
Jewellery
 c - a +4 ring of strength (right hand)
 A - a cursed amulet of inaccuracy {unknown}
 B - a +4 ring of evasion (left hand)
 J - an uncursed ring of protection from cold
 K - an uncursed amulet of clarity
 R - an amulet of the gourmand (around neck)
Magical devices
 o - a wand of frost (35)
 q - a wand of draining (1)
 u - a wand of random effects (15)
 v - a wand of slowing (14)
 D - a wand of cold (7)
 H - a wand of paralysis (4)
 I - a wand of cold (9)
 T - a wand of digging (18)
 X - a wand of random effects (24)
 Y - a wand of draining (6)
 Z - a wand of fire (2)
Scrolls
 e - 4 scrolls of magic mapping
 j - 6 scrolls of remove curse
 n - 4 scrolls of teleportation
 p - 2 scrolls of identify
 z - a scroll of recharging
 G - 4 scrolls of blinking
 V - 2 scrolls of immolation
Potions
 f - a potion of cancellation
 g - 3 potions of restore abilities
 h - a potion of might
 i - 4 potions of curing
 l - 3 potions of magic
 r - 3 potions of heal wounds
 t - 2 potions of agility
 x - a potion of haste {unknown}
 C - 2 potions of lignification
 E - 2 potions of mutation
 N - a potion of decay {unknown}
 U - a potion of brilliance {unknown}
Books
 F - a Necronomicon {highlevel}

   This book is beyond your current level of understanding.

   Spells                             Type                      Level
   a - Haunt                          Necromancy/Summoning         7
   b - Borgnjor's Revivification      Necromancy                   8
   c - Death's Door                   Charms/Necromancy            8
   d - Necromutation                  Transmutation/Necromancy     8
Comestibles
 d - 11 bread rations
 m - 21 fruits
 s - 13 royal jellies
 M - 5 meat rations


   Skills:
 + Level 6.7(6.3) Fighting
 + Level 9.1(8.7) Dodging
 - Level 2.4(2.0) Stealth
 * Level 13.6(13.2) Spellcasting
 * Level 7.5(7.1) Conjurations
 + Level 6.5(6.1) Charms
 - Level 3.6(3.3) Summonings
 + Level 5.4(5.1) Translocations
 * Level 7.7(7.3) Fire Magic
 - Level 3.3(2.9) Air Magic
 - Level 2.5(2.1) Poison Magic
 * Level 7.3(6.9) Invocations
 + Level 7.2(6.8) Evocations


You had 25 spell levels left.
You knew the following spells:

 Your Spells              Type           Power        Failure   Level  Hunger
a - Magic Dart            Conj           ####         1%          1    None
b - Conjure Flame         Conj/Fire      ######..     1%          3    None
c - Call Imp              Summ           #####...     1%          2    None
d - Blink                 Tloc           N/A          1%          2    None
e - Mephitic Cloud        Conj/Pois/Air  #####...     1%          3    None
f - Repel Missiles        Chrm/Air       #####.       1%          2    None


Dungeon Overview and Level Annotations

Branches:
Dungeon (11/15)            Temple (1/1) D:6            Lair (6/8) D:10
 Shoals (0/5) Lair:4        Snake (0/5) Lair:3
  Slime: Lair:6-8       Orc: D:9-12

Altars:
Ashenzari
Cheibriados
Dithmenos
Elyvilon
Fedhas
Gozag
Kikubaaqudgha
Makhleb
Nemelex Xobeh
Okawaru
Qazlal
Ru
Sif Muna
Trog
Vehumet
Xom
Yredelemnul
Zin
The Shining One
Lugonu

Shops:
D:9 *

Annotations:
Lair:1 exclusion: oklob plant


Message History

* * * LOW HITPOINT WARNING * * *
You are more poisoned.
The black mamba poisons you! The river rat completely misses you.
The river rat closely misses you. x3
The black mamba bites you!
* * * LOW HITPOINT WARNING * * *
You are too berserk!
You barely miss the black mamba.
The black mamba is almost dead.
* * * LOW HITPOINT WARNING * * *
You feel very sick. The black mamba barely misses you.
The river rat closely misses you. The river rat completely misses you.
The river rat misses you. The river rat misses you.
You completely miss the black mamba.
The black mamba is almost dead.
* * * LOW HITPOINT WARNING * * *
You feel very sick. The black mamba bites you!
You die...

... .........
............
#...%...........
####..................
.......................
........................
........rr..........#...#
........@r.........#.#..#
........rS........rP.#...
.(..............r.......
................ยง.......
........P...P...r#..##..
#.....P...P..P#.#...#..
......................
.....................
PPP.#...###....P....


You could see a black mamba and 4 river rats.

Vanquished Creatures
  Harold (D:10)
  A hydra (Lair:5)
  Nergalle (Lair:3)
  Pikel (D:4)
  A hill giant (D:11)
  5 elephants (Lair:2)
  2 black mambas (Lair:4)
  6 spiny frogs
  A centaur skeleton (D:10)
  4 komodo dragons
  A fire drake (Lair:3)
  A troll (D:10)
  A merfolk (Lair:4)
  A polar bear (Lair:4)
  2 two-headed ogres
  Grinder (D:5)
  A basilisk (Lair:3)
  14 blink frogs
  Eustachio (D:10)
  14 yaks
  7 hippogriffs
  12 wolves (Lair:1)
  Edmund (D:5)
  2 nagas (Lair:3)
  5 water moccasins
  6 porcupines
  2 orc warriors
  2 ice beasts
  5 sky beasts
  3 phantoms
  2 black bears
  4 ogres
  2 slaves (D:4)
  A centaur (D:7)
  8 crocodiles
  A boring beetle (Lair:4)
  A big kobold (D:7)
  9 giant frogs
  The ghost of faibistes the Cudgeler, a weakling OgWr (D:3)
  2 scorpions
  12 wights
  9 killer bees
  2 electric eels
  3 crimson imps
  9 hounds
  3 jellies (D:10)
  4 orc priests
  4 giant frog skeletons
  5 iguanas
  9 orc wizards
  Natasha (twice) (D:6)
  4 worker ants
  31 sheep
  A hound skeleton (D:7)
  32 river rats
  A giant mite (D:6)
  A white imp (D:6)
  24 adders
  6 worms
  An adder skeleton (D:7)
  An adder zombie (D:6)
  5 giant geckos
  43 orcs
  3 ball pythons
  2 bat skeletons
  A bat zombie (D:8)
  8 giant cockroaches
  19 hobgoblins
  7 jackals
  17 kobolds
  7 oozes
  17 quokkas
  8 bats
  5 giant newts
  A giant spore (D:8)
  17 goblins
  2 quokka skeletons
  15 rats
  5 ballistomycetes
  A fungus (Lair:2)
483 creatures vanquished.

Vanquished Creatures (collateral kills)
  A water moccasin (Lair:3)
  A giant frog (Lair:4)
  A sheep (Lair:2)
  An adder (D:1)
  An orc (D:3)
  3 hobgoblins (D:1)
  A rat (D:1)
9 creatures vanquished.

Vanquished Creatures (others)
  6 crimson imps
  A worker ant zombie (D:5)
  2 shadow imps (Lair:4)
  7 white imps
  An orc (D:9)
  A kobold (D:5)
  2 bats (D:1)
  A giant gecko zombie (D:5)
  A giant spore (D:7)
  A goblin (D:1)
  A ballistomycete (D:7)
  22 fungi
  10 plants
56 creatures vanquished.

Grand Total: 548 creatures vanquished

Notes
Turn   | Place    | Note
--------------------------------------------------------------
     0 | D:1      | faibistes, the Deep Elf Wizard, began the quest for the Orb.
     0 | D:1      | Reached XP level 1. HP: 10/10 MP: 6/6
   295 | D:1      | Reached XP level 2. HP: 15/15 MP: 5/10
   299 | D:1      | Learned a level 2 spell: Blink
   302 | D:1      | Learned a level 2 spell: Call Imp
  1001 | D:1      | Reached skill level 5 in Spellcasting
  1223 | D:2      | Reached XP level 3. HP: 19/19 MP: 12/14
  1241 | D:2      | Learned a level 3 spell: Conjure Flame
  1245 | D:2      | Learned a level 3 spell: Mephitic Cloud
  2638 | D:2      | Reached XP level 4. HP: 24/24 MP: 4/17
  2642 | D:2      | Learned a level 2 spell: Repel Missiles
  2764 | D:3      | Noticed faibistes' ghost (weakling OgWr)
  2988 | D:3      | Killed faibistes' ghost
  2988 | D:3      | Reached skill level 6 in Spellcasting
  3060 | D:3      | Reached XP level 5. HP: 16/28 MP: 10/20
  3741 | D:4      | Noticed an ogre
  3768 | D:4      | Killed an ogre
  3768 | D:4      | Reached XP level 6. HP: 32/32 MP: 7/22
  4409 | D:3      | Noticed a phantom
  4422 | D:3      | Killed a phantom
  4422 | D:3      | Reached skill level 7 in Spellcasting
  4771 | D:4      | Reached skill level 1 in Fighting
  4818 | D:4      | Found a bloodstained altar of Trog.
  4997 | D:4      | Reached XP level 7. HP: 23/38 MP: 22/25
  5205 | D:5      | Entered Level 5 of the Dungeon
  5548 | D:4      | Found a shadowy altar of Dithmenos.
  5690 | D:5      | Noticed Pikel
  5971 | D:4      | Killed Pikel
  5971 | D:4      | Reached skill level 5 in Dodging
  5971 | D:4      | Reached skill level 8 in Spellcasting
  5971 | D:4      | Reached XP level 8. HP: 42/45 MP: 9/27
  6496 | D:5      | Noticed Edmund
  6501 | D:5      | Killed Edmund
  6501 | D:5      | Reached skill level 9 in Spellcasting
  7150 | D:5      | Found a blossoming altar of Fedhas.
  7150 | D:5      | Found an opulent altar of Gozag.
  7239 | D:5      | Noticed Grinder
  7274 | D:5      | Killed Grinder
  7452 | D:5      | Got a pair of faintly humming boots
  7458 | D:5      | Identified the +0 pair of boots of Mne Wez {rC+ rCorr MP-9} (You found it on level 5 of the Dungeon)
  7559 | D:5      | Found an ancient bone altar of Kikubaaqudgha.
  7718 | D:5      | Found a glowing golden altar of the Shining One.
  7964 | D:6      | Found a staircase to the Ecumenical Temple.
  7970 | Temple   | Entered the Ecumenical Temple
  8381 | D:6      | Reached skill level 10 in Spellcasting
  8381 | D:6      | Reached XP level 9. HP: 52/52 MP: 21/30
  8796 | D:6      | Noticed Natasha
  8807 | D:6      | Killed Natasha
  9014 | D:6      | Noticed Natasha
  9019 | D:6      | Killed Natasha
  9170 | D:7      | Reached skill level 5 in Fighting
  9920 | D:7      | Reached skill level 5 in Evocations
 10375 | D:7      | Found a deep blue altar of Sif Muna.
 10391 | D:7      | Became a worshipper of Sif Muna the Loreminder
 10622 | D:8      | Found a shattered altar of Ashenzari.
 10717 | D:8      | Reached skill level 1 in Fire Magic
 10717 | D:8      | Reached skill level 1 in Air Magic
 10800 | D:8      | Found a glowing silver altar of Zin.
 10803 | D:8      | Found a basalt altar of Yredelemnul.
 11065 | D:8      | Acquired Sif Muna's first power
 11300 | D:8      | Reached skill level 1 in Poison Magic
 11400 | D:8      | Reached skill level 11 in Spellcasting
 12122 | D:8      | Found a shimmering altar of Xom.
 12140 | D:8      | Found a snail-covered altar of Cheibriados.
 12208 | D:9      | Reached XP level 10. HP: 56/59 MP: 23/32
 12580 | D:10     | Entered Level 10 of the Dungeon
 12616 | D:9      | Reached skill level 5 in Conjurations
 12776 | D:9      | Found an ancient bone altar of Kikubaaqudgha.
 13063 | D:9      | Acquired Sif Muna's second power
 13088 | D:9      | Found Duph's Assorted Antiques.
 13924 | D:10     | Reached skill level 1 in Charms
 13924 | D:10     | Reached skill level 1 in Invocations
 14111 | D:10     | Noticed Harold
 14131 | D:10     | Killed Harold
 14842 | D:10     | Reached skill level 12 in Spellcasting
 14937 | D:10     | Noticed Eustachio
 14965 | D:10     | Killed Eustachio
 15267 | D:11     | Noticed a hill giant
 15272 | D:11     | Killed a hill giant
 15272 | D:11     | Reached XP level 11. HP: 49/64 MP: 30/34
 15763 | D:10     | Found a staircase to the Lair.
 16022 | Lair:1   | Entered Level 1 of the Lair of Beasts
 17044 | Lair:1   | Reached skill level 5 in Fire Magic
 17512 | Lair:1   | Acquired Sif Muna's third power
 17569 | Lair:1   | Found a basalt altar of Yredelemnul.
 18765 | Lair:2   | Reached skill level 5 in Invocations
 19163 | Lair:2   | Reached skill level 5 in Charms
 19945 | Lair:1   | Reached XP level 12. HP: 64/71 MP: 7/35
 20216 | Lair:1   | Reached skill level 13 in Spellcasting
 22816 | D:9      | Bought a runed lead wand for 76 gold pieces
 22816 | D:9      | Bought a scroll of identify for 38 gold pieces
 22816 | D:9      | Bought a tubular tourmaline ring for 95 gold pieces
 22816 | D:9      | Bought a wand of cold for 152 gold pieces
 23896 | Lair:3   | Reached skill level 5 in Translocations
 23947 | Lair:3   | Found a staircase to the Snake Pit.
 24518 | Lair:5   | Noticed a seven-headed hydra
 24533 | Lair:5   | Killed a seven-headed hydra
 25129 | Lair:4   | Found a staircase to the Shoals.
 26133 | Lair:4   | Noticed Nergalle
 26175 | Lair:3   | Killed Nergalle
 27454 | Lair:5   | HP: 4/106 [poisoned by a black mamba]
 27454 | Lair:5   | Mangled by a black mamba

Action                   |  1- 3 |  4- 6 |  7- 9 | 10-12 || total
-------------------------+-------+-------+-------+-------++-------
Melee: Short sword       |     4 |       |       |       ||     4
       Dagger            |       |    40 |   167 |   585 ||   792
       Spear             |       |       |       |    25 ||    25
       Halberd           |       |       |       |   148 ||   148
 Cast: Magic Dart        |   116 |   117 |   335 |   466 ||  1034
       Call Imp          |     3 |     3 |       |    34 ||    40
       Blink             |     4 |     3 |    20 |    52 ||    79
       Conjure Flame     |     2 |    13 |    56 |   116 ||   187
       Mephitic Cloud    |       |     7 |    30 |    88 ||   125
       Repel Missiles    |       |     2 |     2 |     3 ||     7
Invok: Channel Energy    |       |       |       |     2 ||     2
Evoke: Wand              |       |     2 |       |    17 ||    19
  Use: Scroll            |     1 |     9 |    11 |    15 ||    36
       Potion            |       |       |       |     5 ||     5
 Stab: Confused          |       |     1 |     3 |    23 ||    27
       Sleeping          |       |       |       |     2 ||     2
       Paralysed         |       |       |       |    11 ||    11
  Eat: Chunk             |     4 |     7 |    17 |    50 ||    78
       Beef jerky        |     1 |       |     3 |     1 ||     5
       Fruit             |       |       |       |     4 ||     4
       Pizza             |       |       |       |     1 ||     1
